PCL
SPOKANE TRAPPERS @ MEXICO CITY CERVECEROS
04/07/2028
 
TOP OF THE 1ST
Spokane Trappers batting - Pitching for Mexico City Cerveceros : RHP Darryl Carter
Pitching: RHP Darryl Carter
Batting: RHB Enrique Mendoza 0-0: Called Strike
0-1: SINGLE (Line Drive, 4MD)
Batting: LHB José Berroa 0-0: Called Strike
0-1: Ball
1-1: Foul Ball, location: 2F
1-2: Foul Ball, location: 2F
1-2: Ball
2-2: Foul Ball, location: 2F
2-2: Ball
3-2: Base on Balls
Enrique Mendoza to second
Batting: LHB Will Hill 0-0: Foul Ball, location: 2F
0-1: Fly out, F7 (Flyball, 7LDF)
Runner from 2nd tags up, SAFE at 3rd, no throw
Batting: RHB Ramiro Ross 0-0: Ball
1-0: Ball
2-0: Ball
3-0: Base on Balls
José Berroa to second
Batting: LHB Alan Moore 0-0: Fly out, F9 (Flyball, 89XD)
Runner from 3rd tags up, SCORES, no throw
Batting: RHB Trent Rasmussen 0-0: Called Strike
0-1: Ball
1-1: Called Strike
1-2: Fly out, F8 (Flyball, 8RXD)
Top of the 1st over - 1 run(s), 1 hit(s), 0 error(s), 2 left on base; Spokane 1 - Mexico City 0
BOTTOM OF THE 1ST
Mexico City Cerveceros batting - Pitching for Spokane Trappers : RHP Júlio Quintana
Pitching: RHP Júlio Quintana
Batting: RHB John Dinkins 0-0: Ball
1-0: Called Strike
1-1: SINGLE (Line Drive, 7S)
Batting: RHB Lee Price 0-0: Called Strike
0-1: Foul Ball, location: 2F
0-2: Strikes out swinging
Batting: RHB Hamilton Holbrook 0-0: Called Strike
0-1: SINGLE (Line Drive, 7LS)
John Dinkins to second
Batting: RHB Dennis Stephenson 0-0: Fly out, F4 (Line Drive, 4)
Batting: LHB Gary Kern 0-0: Called Strike
0-1: Fly out, F8 (Flyball, 8LM)
Bottom of the 1st over - 0 run(s), 2 hit(s), 0 error(s), 2 left on base; Spokane 1 - Mexico City 0
TOP OF THE 2ND
Spokane Trappers batting - Pitching for Mexico City Cerveceros : RHP Darryl Carter
Batting: RHB Clyde Kelley 0-0: Called Strike
0-1: Ball
1-1: Ground out 4-3 (Groundball, 4S)
Batting: RHB Sergio Solíz 0-0: Foul Ball, location: 2F
0-1: Ball
1-1: Fly out, F7 (Flyball, 7D)
Batting: LHB Jaime Padilla 0-0: Ball
1-0: Ball
2-0: SINGLE (Groundball, 34D)
Batting: RHB Enrique Mendoza 0-0: Ball
1-0: Called Strike
Jaime Padilla is caught stealing 2nd base
Top of the 2nd over - 0 run(s), 1 hit(s), 0 error(s), 0 left on base; Spokane 1 - Mexico City 0
BOTTOM OF THE 2ND
Mexico City Cerveceros batting - Pitching for Spokane Trappers : RHP Júlio Quintana
Batting: RHB Dave Morgan 0-0: Ball
1-0: Foul Ball, location: 2F
1-1: Foul Ball, location: 2F
1-2: Ball
2-2: Fly out, F8 (Flyball, 8RS)
Batting: LHB Don Soper 0-0: Called Strike
0-1: Foul Ball, location: 2F
0-2: SINGLE (Flyball, 89S)
Batting: RHB Robinson Pacheco 0-0: Called Strike
0-1: Foul Ball, location: 2F
0-2: Foul Ball, location: 2F
0-2: Ball
1-2: Foul Ball, location: 2F
1-2: Fly out, F7 (Flyball, 78M)
Batting: RHB Orlando Núńes 0-0: Fielders Choice at 2nd, 4-6 (Groundball, 4)
Bottom of the 2nd over - 0 run(s), 1 hit(s), 0 error(s), 0 left on base; Spokane 1 - Mexico City 0
TOP OF THE 3RD
Spokane Trappers batting - Pitching for Mexico City Cerveceros : RHP Darryl Carter
Batting: RHB Enrique Mendoza 0-0: Fly out, F8 (Line Drive, 8RXD)
Batting: LHB José Berroa 0-0: Ball
1-0: Called Strike
1-1: Swinging Strike
1-2: Ball
2-2: Strikes out swinging
Batting: LHB Will Hill 0-0: Ball
1-0: DOUBLE (Line Drive, 7LS)
Batting: RHB Ramiro Ross 0-0: Ball
1-0: Called Strike
1-1: Ball
2-1: Swinging Strike
2-2: Strikes out looking
Top of the 3rd over - 0 run(s), 1 hit(s), 0 error(s), 1 left on base; Spokane 1 - Mexico City 0
BOTTOM OF THE 3RD
Mexico City Cerveceros batting - Pitching for Spokane Trappers : RHP Júlio Quintana
Batting: RHB John Dinkins 0-0: Ground out 4-3 (Groundball, 4)
Batting: RHB Lee Price 0-0: Ground out 5-3 (Groundball, 56S)
Batting: RHB Hamilton Holbrook 0-0: Called Strike
0-1: Called Strike
0-2: Foul Ball, location: 2F
0-2: Strikes out looking
Bottom of the 3rd over - 0 run(s), 0 hit(s), 0 error(s), 0 left on base; Spokane 1 - Mexico City 0
TOP OF THE 4TH
Spokane Trappers batting - Pitching for Mexico City Cerveceros : RHP Darryl Carter
Batting: LHB Alan Moore 0-0: Foul Ball, location: 2F
0-1: DOUBLE (Flyball, 89XD)
Batting: RHB Trent Rasmussen 0-0: Ball
1-0: Ball
2-0: Ball
3-0: Base on Balls
Batting: RHB Clyde Kelley 0-0: Ball
1-0: Foul Ball, location: 2F
1-1: Ball
2-1: Foul Ball, location: 2F
2-2: Foul Ball, location: 2F
2-2: Grounds into double play, 6-4-3 (Groundball, 6)
Alan Moore to third
Batting: RHB Sergio Solíz 0-0: Called Strike
0-1: Hit by Pitch
Batting: LHB Jaime Padilla 0-0: Called Strike
0-1: Ball
1-1: Ball
2-1: Foul Ball, location: 2F
2-2: Ball
3-2: Base on Balls
Sergio Solíz to second
Batting: RHB Enrique Mendoza 0-0: Ground out 5-3 (Groundball, 56S)
Top of the 4th over - 0 run(s), 1 hit(s), 0 error(s), 3 left on base; Spokane 1 - Mexico City 0
BOTTOM OF THE 4TH
Mexico City Cerveceros batting - Pitching for Spokane Trappers : RHP Júlio Quintana
Batting: RHB Dennis Stephenson 0-0: Ball
1-0: Called Strike
1-1: Single, Error in OF, E8, batter to second base
Batting: LHB Gary Kern 0-0: Ball
1-0: Swinging Strike
Passed Ball!
Dennis Stephenson to third
1-1: Ball
2-1: Called Strike
2-2: SINGLE (Line Drive, 8LS)
Dennis Stephenson scores
Batting: RHB Dave Morgan 0-0: Called Strike
0-1: Called Strike
0-2: Ball
1-2: Strikes out swinging
Batting: LHB Don Soper 0-0: Ball
1-0: Ball
2-0: Ball
3-0: Base on Balls
Gary Kern to second
Batting: RHB Robinson Pacheco 0-0: Called Strike
0-1: Ball
1-1: Ball
2-1: 3-RUN HOME RUN (Line Drive, 78XD), Distance : 392 ft
Batting: RHB Orlando Núńes 0-0: Ball
1-0: Ball
2-0: Ground out 3-1 (Groundball, 34)
Batting: RHB John Dinkins 0-0: Called Strike
0-1: Ball
1-1: Ball
2-1: Foul Ball, location: 2F
2-2: Ball
3-2: Base on Balls
Batting: RHB Lee Price 0-0: Swinging Strike
0-1: Foul Ball, location: 2F
0-2: Strikes out swinging
Bottom of the 4th over - 4 run(s), 3 hit(s), 1 error(s), 1 left on base; Spokane 1 - Mexico City 4
TOP OF THE 5TH
Spokane Trappers batting - Pitching for Mexico City Cerveceros : RHP Darryl Carter
Batting: LHB José Berroa 0-0: Foul Ball, location: 2F
0-1: Swinging Strike
0-2: Ball
1-2: Ball
2-2: Fly out, F5 (Popup, 5L)
Batting: LHB Will Hill 0-0: Ground out 4-3 (Groundball, 4)
Batting: RHB Ramiro Ross 0-0: Ball
1-0: Ball
2-0: Ball
3-0: Called Strike
3-1: Called Strike
3-2: Ground out 5-3 (Groundball, 56S)
Top of the 5th over - 0 run(s), 0 hit(s), 0 error(s), 0 left on base; Spokane 1 - Mexico City 4
BOTTOM OF THE 5TH
Mexico City Cerveceros batting - Pitching for Spokane Trappers : RHP Júlio Quintana
Batting: RHB Hamilton Holbrook 0-0: Called Strike
0-1: Foul Ball, location: 2F
0-2: Ball
1-2: Ground out 6-3 (Groundball, 6)
Batting: RHB Dennis Stephenson 0-0: Ball
1-0: Foul Ball, location: 2F
1-1: Ball
2-1: Ball
3-1: Foul Ball, location: 2F
3-2: Base on Balls
Pitching: RHP Tony Baltazar
Batting: LHB Gary Kern 0-0: Grounds into double play, 6-4-3 (Groundball, 6)
Bottom of the 5th over - 0 run(s), 0 hit(s), 0 error(s), 0 left on base; Spokane 1 - Mexico City 4
TOP OF THE 6TH
Spokane Trappers batting - Pitching for Mexico City Cerveceros : RHP Darryl Carter
Batting: LHB Alan Moore 0-0: Called Strike
0-1: Ground out 6-3 (Groundball, 6D)
Batting: RHB Trent Rasmussen 0-0: Fly out, F8 (Flyball, 8LM)
Batting: RHB Clyde Kelley 0-0: Ball
1-0: Swinging Strike
1-1: Fly out, F9 (Flyball, 89M)
Top of the 6th over - 0 run(s), 0 hit(s), 0 error(s), 0 left on base; Spokane 1 - Mexico City 4
BOTTOM OF THE 6TH
Mexico City Cerveceros batting - Pitching for Spokane Trappers : RHP Tony Baltazar
Batting: RHB Dave Morgan 0-0: Fly out, F7 (Flyball, 7S)
Batting: LHB Don Soper 0-0: Ball
1-0: SINGLE (Groundball, 56D)
Batting: RHB Robinson Pacheco 0-0: Called Strike
0-1: Foul Ball, location: 2F
0-2: Foul Ball, location: 2F
0-2: Foul Ball, location: 2F
0-2: Ball
1-2: Strikes out looking
Batting: RHB Orlando Núńes 0-0: Foul Ball, location: 2F
0-1: Ball
1-1: Ball
2-1: Swinging Strike
2-2: Strikes out looking
Bottom of the 6th over - 0 run(s), 1 hit(s), 0 error(s), 1 left on base; Spokane 1 - Mexico City 4
TOP OF THE 7TH
Spokane Trappers batting - Pitching for Mexico City Cerveceros : RHP Darryl Carter
Batting: RHB Sergio Solíz 0-0: Ball
1-0: Called Strike
1-1: DOUBLE (Line Drive, 8LXD)
Batting: LHB Jaime Padilla 0-0: Called Strike
0-1: Ball
1-1: Ground out U3 (Groundball, 3)
Sergio Solíz to third
Batting: RHB Enrique Mendoza 0-0: Called Strike
0-1: Called Strike
0-2: Fly out, F8 (Flyball, 8LD)
Runner from 3rd tags up, SCORES, no throw
Batting: LHB José Berroa 0-0: Ball
1-0: Ball
2-0: Swinging Strike
2-1: Ball
3-1: Base on Balls
Batting: LHB Will Hill 0-0: Called Strike
0-1: Ball
1-1: Foul Ball, location: 2F
1-2: Fly out, F3 (Line Drive, 34)
Top of the 7th over - 1 run(s), 1 hit(s), 0 error(s), 1 left on base; Spokane 2 - Mexico City 4
BOTTOM OF THE 7TH
Mexico City Cerveceros batting - Pitching for Spokane Trappers : RHP Tony Baltazar
Batting: RHB John Dinkins 0-0: Called Strike
0-1: Called Strike
0-2: Strikes out swinging
Batting: RHB Lee Price 0-0: Ball
1-0: SINGLE (Flyball, 8LS)
Batting: RHB Hamilton Holbrook 0-0: Called Strike
0-1: Foul Ball, location: 2F
0-2: Ball
1-2: Foul Ball, location: 2F
1-2: Ball
2-2: 2-RUN HOME RUN (Flyball, 78XD), Distance : 394 ft
Pitching: LHP Adrián León
Batting: RHB Dennis Stephenson 0-0: Called Strike
0-1: Foul Ball, location: 2F
0-2: Hit by Pitch
Batting: LHB Gary Kern 0-0: Ball
1-0: Fly out, F9 (Flyball, 9LSF)
Batting: RHB Dave Morgan 0-0: SINGLE (Groundball, 4D)
Dennis Stephenson to second
Runner from 2nd tries for 3rd, SAFE, throw made to third
Batting: LHB Don Soper 0-0: Foul Ball, location: 2F
0-1: Fly out, F9 (Flyball, 89D)
Bottom of the 7th over - 2 run(s), 3 hit(s), 0 error(s), 2 left on base; Spokane 2 - Mexico City 6
TOP OF THE 8TH
Spokane Trappers batting - Pitching for Mexico City Cerveceros : RHP Darryl Carter
Pitching: RHP Troy Hawkins
Batting: RHB Ramiro Ross 0-0: Foul Ball, location: 2F
0-1: Foul Ball, location: 2F
0-2: Strikes out swinging
Batting: LHB Alan Moore 0-0: Ball
1-0: Ball
2-0: SINGLE (Groundball, 6D)
Batting: RHB Trent Rasmussen 0-0: SINGLE (Line Drive, 9S)
Alan Moore to second
Batting: RHB Clyde Kelley 0-0: Called Strike
0-1: Ball
1-1: Fly out, F8 (Flyball, 8RM)
Batting: RHB Sergio Solíz 0-0: Called Strike
0-1: Ball
1-1: Fly out, F8 (Flyball, 89M)
Top of the 8th over - 0 run(s), 2 hit(s), 0 error(s), 2 left on base; Spokane 2 - Mexico City 6
BOTTOM OF THE 8TH
Mexico City Cerveceros batting - Pitching for Spokane Trappers : LHP Adrián León
Batting: RHB Robinson Pacheco 0-0: Ball
1-0: Called Strike
1-1: Ball
2-1: Foul Ball, location: 2F
2-2: Fly out, F6 (Popup, 6MD)
Batting: RHB Orlando Núńes 0-0: Swinging Strike
0-1: Ball
1-1: Foul Ball, location: 2F
1-2: Strikes out swinging
Batting: RHB John Dinkins 0-0: Swinging Strike
0-1: Ball
1-1: SOLO HOME RUN (Flyball, 9LD), Distance : 341 ft
Batting: RHB Lee Price 0-0: Ball
1-0: Fly out, F9 (Line Drive, 9LM)
Bottom of the 8th over - 1 run(s), 1 hit(s), 0 error(s), 0 left on base; Spokane 2 - Mexico City 7
TOP OF THE 9TH
Spokane Trappers batting - Pitching for Mexico City Cerveceros : RHP Troy Hawkins
Now at C: Fernando Garza
Now in LF: Collin Smith
Batting: LHB Jaime Padilla 0-0: Ball
1-0: Ball
2-0: Ground out 4-3 (Groundball, 4)
Batting: RHB Enrique Mendoza 0-0: Ball
1-0: Foul Ball, location: 2F
1-1: Ball
2-1: Swinging Strike
2-2: Ball
3-2: Fly out, F2 (Popup, 3S)
Batting: LHB José Berroa 0-0: Ball
1-0: Ball
2-0: Ball
3-0: Base on Balls
Batting: LHB Will Hill 0-0: 2-RUN HOME RUN (Flyball, 89XD), Distance : 410 ft
Pitching: RHP Tex Perkins
Batting: RHB Ramiro Ross 0-0: Fly out, F4 (Popup, 4)
Top of the 9th over - 2 run(s), 1 hit(s), 0 error(s), 0 left on base; Spokane 4 - Mexico City 7
Tuesday, August 8th, 2017 - OOTP Baseball 17.12 Build 75